 Dungeon Crawl Stone Soup version 0.32-a0-42-ga30500b4d3 (webtiles) character file.

Game seed: 6415360911321796316

3581 pokeman the Thaumaturge (level 9, -2/51 HPs)
             Began as a Deep Elf Hedge Wizard on Feb 1, 2024.
             Was an Initiate of Vehumet.
             Slain by a vampire mosquito (7 damage)
             ... on level 7 of the Dungeon.
             The game lasted 00:26:09 (9354 turns).

pokeman the Thaumaturge (Deep Elf Hedge Wizard)     Turns: 9354, Time: 00:26:09

Health: -2/51      AC:  3    Str:  7    XL:     9   Next: 84%
Magic:  9/27       EV: 13    Int: 24    God:    Vehumet [......]
Gold:   195        SH:  5    Dex: 14    Spells: 25/33 levels left

rFire   . . .        v - +2 dagger (drain)
rCold   + . .        (no shield)
rNeg    . . .        b - +0 robe
rPois   .            c - +0 hat
rElec   .            (no cloak)
rCorr   .            (no gloves)
SInv    +            y - +0 pair of boots
Will    .....        m - amulet of reflection
Stlth   ++           o - ring of protection from cold
HPRegen 0.28/turn    E - ring of see invisible
MPRegen 0.20/turn

%: reflection
@: on blink cooldown
A: no striking features
a: Renounce Religion


You were on level 7 of the Dungeon.
You worshipped Vehumet.
Vehumet was noncommittal.
You visited 1 branch of the dungeon, and saw 8 of its levels.

You collected 275 gold pieces.
You spent 80 gold pieces at shops.

Inventory:

Hand Weapons
 v - a +2 dagger of draining (weapon)
Missiles
 e - 3 throwing nets
 l - 4 curare-tipped darts
Armour
 b - a +0 robe (worn)
 c - a +0 hat (worn)
 y - a +0 pair of boots (worn)
 F - a +0 buckler
Magical Staves
 D - a staff of cold
Jewellery
 m - an amulet of reflection (around neck)
 o - a ring of protection from cold (left hand)
 B - a ring of ice
 E - a ring of see invisible (right hand)
Wands
 z - a wand of flame (21)
Scrolls
 f - 4 scrolls of noise {unknown}
 g - 3 scrolls of revelation {unknown}
 j - 2 scrolls of immolation {unknown}
 k - 2 scrolls of teleportation {unknown}
 q - 2 scrolls of fear {unknown}
 r - 5 scrolls of identify {unknown}
 t - 3 scrolls of blinking {unknown}
 x - 4 scrolls of amnesia {unknown}
 A - a scroll of enchant armour {unknown}
Potions
 a - 3 potions of heal wounds
 d - a potion of magic
 h - 2 potions of attraction {unknown}
 i - 2 potions of cancellation {unknown}
 n - 2 potions of degeneration {unknown}
 p - 2 potions of might {unknown}
 s - a potion of lignification {unknown}
 u - 2 potions of haste {unknown}
 w - a potion of curing
 C - a potion of enlightenment {unknown}


   Skills:
 + Level 3.2 Fighting
 - Level 4.0 Armour
 - Level 3.0 Dodging
 - Level 3.0 Stealth
 * Level 12.9 Spellcasting
 + Level 7.2 Conjurations
 - Level 1.1 Summonings
 - Level 1.1 Translocations
 + Level 3.3 Ice Magic
 - Level 2.2 Air Magic
 - Level 1.0 Alchemy
 - Level 1.0 Evocations


You had 25 spell levels left.
You knew the following spells:

 Your Spells              Type           Power      Damage    Failure   Level
a - Magic Dart            Conj           100%       1d8       1%          1
b - Mephitic Cloud        Conj/Alch/Air  32%        N/A       2%          3
c - Call Imp              Summ           40%        N/A       3%          2
d - Blink                 Tloc           40%        N/A       3%          2

Your spell library contained the following spells:

 Spells                   Type           Power      Damage    Failure   Level
 Sting                    Conj/Alch      100%       1d9       1%          1
 Apportation              Tloc           40%        N/A       2%          1
 Summon Small Mammal      Summ           80%        N/A       2%          1
 Cigotuvi's Dreadful Rot  Necr/Alch/Air  40%        N/A       3%          2
 Necrotise                Necr           60%        1d7       4%          1
 Slow                     Hex            60%        N/A       4%          1
 Summon Ice Beast         Ice/Summ       26%        N/A       4%          3
 Vampiric Draining        Necr           15%        2d7       12%         3
 Martyr's Knell           Necr/Summ      18%        N/A       30%         4
 Summon Mana Viper        Hex/Summ       18%        N/A       65%         5
 Curse of Agony           Necr           15%        N/A       73%         5
 Monstrous Menagerie      Summ           10%        N/A       100%        7


Dungeon Overview and Level Annotations

Branches:
Dungeon (8/15)             Temple (0/1) D:7
   Lair: D:8-11

Altars:
Dithmenos
Elyvilon
Fedhas
Kikubaaqudgha
Makhleb
Sif Muna
Vehumet
Zin

Shops:
D:4 !*

Annotations:
D:5 2 transporters


Message History

Casting: Call Imp (safe; 3% risk of failure)
Confirm with . or Enter, or press ? or * to list all spells.
You blink.
Your cerulean imp closely misses the vampire mosquito.
You hit the vampire mosquito.
The vampire mosquito is heavily damaged.
The vampire mosquito bites you but does no damage.
Unknown command.
You miss the vampire mosquito.
The vampire mosquito is heavily damaged.
You feel ready to blink again. The vampire mosquito bites you.
* * * LOW HITPOINT WARNING * * *
The vampire mosquito draws strength from your injuries!
The vampire mosquito barely misses you.
Your cerulean imp closely misses the vampire mosquito.
Unknown command.
Aiming: Throw Flame
Press: ? - help, Shift-Dir - straight line, f/p - vampire mosquito
Aim: a vampire mosquito (moderately damaged, ally target, 48% to hit)
The puff of flame hits the vampire mosquito.
The vampire mosquito is heavily damaged.
The vampire mosquito bites you!
* * * LOW HITPOINT WARNING * * *
The vampire mosquito draws strength from your injuries!
The vampire mosquito barely misses you.
Your cerulean imp closely misses the vampire mosquito.
Unknown command.
Casting: Blink (safe; 3% risk of failure)
Confirm with . or Enter, or press ? or * to list all spells.
You blink.
Casting: Blink (safe; 3% risk of failure)
Confirm with . or Enter, or press ? or * to list all spells.
A tiny devil pulls itself out of the air.
Your cerulean imp disappears in a puff of smoke!
You swap places.
The vampire mosquito misses you.
Your cerulean imp hits the vampire mosquito with a -2 spear.
The vampire mosquito closely misses you.
The vampire mosquito bites you!
You die...

#.## #............#########
#.#############..................
....##..................#.#######
....##.########.........#......##
.......########.........######.>.
..............#.........# ###.
....#..######[......#############
........(.#####..)...............
.......##.......@...........#####
........####...y5............###.
..........##.###.)...............
..........##.# #)................
.............# #<.............##.
..........#### #..............###
..........# #..............#
..........# ##............##
#####.....# ##..........##


You could see a vampire mosquito (ally target) and a friendly cerulean imp
(summoned).

Vanquished Creatures
  Pikel (D:5)
  Prince Ribbit (D:5)
  A hornet (D:7)
  A steam dragon (D:6)
  Menkaure (D:5)
  An ice beast (D:6)
  2 black bears
  A centaur (D:6)
  3 ogres
  3 lemures (D:5)
  A phantom (D:4)
  A bullfrog (D:7)
  2 gnoll sergeants
  Blork the orc (D:5)
  2 scorpions
  3 wights (D:7)
  3 howler monkeys
  2 jellies
  An orc priest (D:7)
  3 hounds
  A gnoll bouda (D:8)
  Jessica (D:2)
  2 orc wizards
  7 iguanas
  2 sleepcaps (D:5)
  12 gnolls
  7 adders
  A shadow imp (D:6)
  A white imp (D:6)
  2 ribbon worms
  A dart slug (D:4)
  34 orcs
  2 bats
  9 endoplasms
  3 giant cockroaches
  6 goblins
  13 hobgoblins
  6 jackals
  4 quokkas
  5 ball pythons
  6 frilled lizards
  9 kobolds
  10 rats
178 creatures vanquished.

Vanquished Creatures (collateral kills)
  An ice beast (D:7)
  A centaur (D:7)
  An orc priest (D:4)
  An orc wizard (D:7)
  A ribbon worm (D:2)
  2 orcs
7 creatures vanquished.

Vanquished Creatures (others)
  A centaur (D:8)
1 creature vanquished.

Grand Total: 186 creatures vanquished

Notes
Turn   | Place    | Note
-------+----------+-------------------------------------------
     0 | D:1      | pokeman the Deep Elf Hedge Wizard began the quest for the
                  | Orb.
     0 | D:1      | Reached XP level 1. HP: 10/10 MP: 7/7
   223 | D:1      | Reached XP level 2. HP: 16/16 MP: 2/9
   771 | D:1      | Reached skill level 5 in Spellcasting
  1555 | D:2      | Reached XP level 3. HP: 14/20 MP: 5/11
  1559 | D:2      | Learned a level 3 spell: Mephitic Cloud
  1562 | D:2      | Learned a level 2 spell: Call Imp
  1565 | D:2      | Learned a level 2 spell: Blink
  1884 | D:2      | Reached skill level 1 in Armour
  1891 | D:2      | Reached skill level 1 in Fighting
  2065 | D:2      | Noticed Jessica
  2071 | D:2      | Killed Jessica
  2072 | D:2      | Reached XP level 4. HP: 25/25 MP: 6/13
  2890 | D:3      | Found a white marble altar of Elyvilon.
  3207 | D:3      | Reached skill level 6 in Spellcasting
  3207 | D:3      | Reached XP level 5. HP: 29/29 MP: 12/15
  3659 | D:3      | Found a shadowy altar of Dithmenos.
  3836 | D:4      | Found Gagideak's Distillery.
  3854 | D:4      | Noticed a black bear
  4017 | D:4      | Reached skill level 1 in Alchemy
  4035 | D:4      | Reached skill level 1 in Air Magic
  4264 | D:4      | Killed a black bear
  4265 | D:4      | Reached XP level 6. HP: 20/34 MP: 13/17
  4332 | D:4      | Bought a potion of heal wounds for 50 gold pieces
  4332 | D:4      | Bought a potion of curing for 30 gold pieces
  4412 | D:4      | Reached skill level 7 in Spellcasting
  4641 | D:4      | Found Bunon's Bounteous Boutique.
  4759 | D:4      | Found a shimmering blue altar of Sif Muna.
  5497 | D:5      | Entered Level 5 of the Dungeon
  5500 | D:5      | Noticed Prince Ribbit
  5516 | D:5      | Killed Prince Ribbit
  5517 | D:5      | Reached XP level 7. HP: 40/40 MP: 8/20
  5647 | D:5      | Found a transporter.
  5733 | D:4      | Reached skill level 8 in Spellcasting
  6145 | D:5      | Reached skill level 1 in Evocations
  6189 | D:5      | Found a glowing silver altar of Zin.
  6436 | D:5      | Found a transporter.
  6655 | D:5      | Noticed Blork the orc
  6672 | D:5      | Killed Blork the orc
  6673 | D:5      | Reached skill level 9 in Spellcasting
  6673 | D:5      | Reached XP level 8. HP: 40/44 MP: 19/23
  6871 | D:5      | Noticed Pikel
  6896 | D:5      | Killed Pikel
  6897 | D:5      | Reached skill level 10 in Spellcasting
  6897 | D:5      | Reached skill level 5 in Conjurations
  6905 | D:5      | Noticed Menkaure
  6914 | D:5      | Killed Menkaure
  7079 | D:5      | Found a burning altar of Makhleb.
  7291 | D:6      | Reached skill level 11 in Spellcasting
  7620 | D:6      | Found an ancient bone altar of Kikubaaqudgha.
  7636 | D:6      | Found a blossoming altar of Fedhas.
  7644 | D:6      | Reached XP level 9. HP: 48/48 MP: 23/26
  8039 | D:6      | Reached skill level 1 in Ice Magic
  8353 | D:7      | Found a radiant altar of Vehumet.
  8364 | D:7      | Reached skill level 12 in Spellcasting
  8368 | D:7      | Became a worshipper of Vehumet
  8443 | D:7      | Found a staircase to the Ecumenical Temple.
  9354 | D:7      | Slain by a vampire mosquito

Illustrated notes

Levels and vault maps discovered:
D:1:      minmay_arrival_split_and_join, layout_basic, kennysheep_crisscross
D:2:      layout_loops_cross, uniq_jessica
D:3:      layout_basic, elyvilon_altar_4, grunt_dithmenos_smoke
D:4:      layout_layer_cave, mainiacjoe_overflow_surrounded_room,
          nicolae_alphabet_shops, minmay_shop_grid_forest,
          nicolae_elevator_lobby_plus
D:5:      gammafunk_steamed_eel, layout_basic, mainiacjoe_overflow_chevrons,
          mainiacjoe_overflow_alcove_1, minmay_quadrilaterals, uniq_menkaure,
          uniq_pikel, uniq_prince_ribbit1, uniq_blork_the_orc
D:6:      wander_river, layout_gridville, fedhas_bush_and_centaur_altar,
          nicolae_kikubaaqudgha_miasma_corner
D:7:      layout_rooms, vehumet_altar_wand_db, minmay_temple_entry_mini_moons,
          roderic_lattice_a, grunt_ministairs_13
D:8:      kennysheep_ambush_hall, layout_basic, uniq_grum

Skill      XL: |  1  2  3  4  5  6  7  8  9 |
---------------+----------------------------+-----
Spellcasting   | 5 6 7 9 11 12 | 12.9
Armour         | 1 2 3 4 |  4.0
Fighting       | 1 2 3 |  3.2
Conjurations   | 2 3 4 6 7 |  7.2
Dodging        | 3 |  3.0
Stealth        | 3 |  3.0
Alchemy        | 1 |  1.0
Air Magic      | 1 2 |  2.2
Evocations     | 1 |  1.0
Ice Magic      | 3 |  3.3
Summonings     | |  1.1
Translocations | |  1.1

Action                     |  1- 3 |  4- 6 |  7- 9 || total
---------------------------+-------+-------+-------++-------
  Melee: Dagger            |    10 |    60 |   182 ||   252
         Punch             |       |     1 |     1 ||     2
   Cast: Magic Dart        |   110 |   131 |   234 ||   475
         Mephitic Cloud    |       |    16 |    38 ||    54
         Call Imp          |       |     3 |    12 ||    15
         Blink             |       |     1 |     7 ||     8
  Evoke: Wand              |       |       |     5 ||     5
   Stab: Confused          |       |     8 |    13 ||    21
 Armour: Robe              |    12 |    28 |    84 ||   124
  Dodge: Dodged            |    15 |    32 |   133 ||   180
  Block: Other             |     2 |    10 |    46 ||    58

Table legend: (Time is in decaauts)
 A = Elapsed time spent in this place.
 B = Non-inter-level travel time spent in this place.
 C = Inter-level travel time spent in this place.
 D = Time resting spent in this place.
 E = Time spent auto-exploring this place.
 F = Levels seen in this place.
 G = Mean time per level.
                   A        B        C        D        E       F      G
               +--------+--------+--------+--------+--------+-----+--------+
         Total |   9376 |   9201 |    175 |    286 |   7499 |   8 | 1172.0 |
       Dungeon |   9376 |   9201 |    175 |    286 |   7499 |   8 | 1172.0 |
               +--------+--------+--------+--------+--------+-----+--------+

Top non-repeatable levels by time:
     D:4: 1844 daAuts
     D:1: 1549 daAuts
     D:5: 1526 daAuts
     D:2: 1277 daAuts
     D:7: 1168 daAuts
     D:3: 1069 daAuts
     D:6: 916 daAuts
     D:8: 24 daAuts
